 Dungeon Crawl Stone Soup version 0.22-a0-352-gc608dd7fdd (webtiles) character file.

534771 Kriby the Wrestler (level 24, -19/234 HPs)
             Began as a Troll Monk on Apr 14, 2018.
             Was a High Priest of Hepliaklqana.
             Hit by a large rock thrown by a stone giant (33 damage)
             ... while paralysed by a sphinx
             ... on level 5 of the Vaults.
             The game lasted 02:13:08 (54003 turns).

Kriby the Wrestler (Troll Monk)                    Turns: 54003, Time: 02:13:09

Health: -19/234    AC: 35    Str: 39    XL:     24   Next: 54%
Magic:  0/27       EV:  1    Int: 10    God:    Hepliaklqana [*****.]
Gold:   3162       SH:  0    Dex: 17    Spells: 29/29 levels left

rFire    + . .     SeeInvis +     - Unarmed
rCold    + . .     Gourm    +   w - +10 large shield of Ignorance {rN+ Int-4}
rNeg     + . .     Faith    .   Z - +9 gold dragon scales
rPois    +         Spirit   +   X - +0 hat {Int+3}
rElec    .         Reflect  .   B - scarf {Spirit}
rCorr    .         Harm     .   (gloves unavailable)
MR       +....                  (boots unavailable)
Stlth    ..........             Y - amulet of regeneration
HPRegen  1.29/turn              U - ring "Zabb" {AC+4 SInv}
MPRegen  0.20/turn              D - +4 ring of slaying

@: paralysed, mighty, brilliant, agile, marked, flayed, very slightly
contaminated, hasted, studying Armour, invisible
A: large, unfitting armour, reduced essence, claws 3, fast metabolism 3,
gourmand, regeneration 1, shaggy fur 1, tough skin 2
}: 3/15 runes: serpentine, barnacled, abyssal
a: Recall Ancestor, Ancestor Identity, Transference, Idealise, Renounce Religion


You were on level 5 of the Vaults.
You worshipped Hepliaklqana.
Hepliaklqana was extremely pleased with you.
You were completely stuffed.

You visited 9 branches of the dungeon, and saw 45 of its levels.
You visited the Abyss 3 times.
You also visited: Labyrinth, Bailey and Ice Cave.

You collected 5600 gold pieces.
You spent 2438 gold pieces at shops.

Inventory:

Missiles
 h - 50 javelins
 l - 14 poisoned javelins
 m - 123 large rocks (quivered)
Armour
 v - a +2 shield of reflection
 w - the +10 large shield of Ignorance (worn) {rN+ Int-4}
   (You found it on level 6 of the Lair of Beasts)

   It affects your intelligence (-4).
   It protects you from negative energy.
 B - a scarf of spirit shield (worn)
 Q - a +2 hat
 X - a +0 hat of intelligence (worn)
 Z - +9 gold dragon scales (worn)
Jewellery
 D - a +4 ring of slaying (right claw)
 U - the ring "Zabb" (left claw) {AC+4 SInv}
   (You took it off a deep elf elementalist on level 3 of the Elven Halls)

   [ring of protection]

   It affects your AC (+4).
   It lets you see invisible.
 Y - an amulet of regeneration (around neck)
Wands
 f - a wand of disintegration (16)
 k - a wand of iceblast (17)
 n - a wand of paralysis (18)
 p - a wand of acid (28)
 r - a wand of random effects (36)
 F - a wand of scattershot (4)
 P - a wand of polymorph (10)
 V - a wand of digging (19)
Scrolls
 a - 2 scrolls of fear
 c - 21 scrolls of teleportation
 i - 21 scrolls of identify
 q - 19 scrolls of remove curse
 y - 10 scrolls of fog
 A - 3 scrolls of vulnerability
 K - 7 scrolls of magic mapping
 M - 3 scrolls of holy word
 O - 6 scrolls of enchant weapon
 R - 5 scrolls of blinking
Potions
 d - 18 potions of curing
 e - 12 potions of lignification
 j - 6 potions of mutation
 s - a potion of heal wounds
 t - 2 potions of cancellation
 u - 4 potions of resistance
 z - 4 potions of magic
 C - 5 potions of might
 G - 2 potions of invisibility
 I - 3 potions of ambrosia
 N - 5 potions of brilliance
 S - 2 potions of flight
Books
 E - a manual of Armour
Miscellaneous
 T - a lightning rod (4/4)
 W - a lamp of fire
Comestibles
 b - 77 rations
 o - 12 chunks of flesh


   Skills:
 + Level 19.2 Fighting
 + Level 14.5 Armour
 - Level 2.4 Dodging
 - Level 1.0 Stealth
 - Level 15.0 Shields
 + Level 25.4 Unarmed Combat
 - Level 3.0 Spellcasting
   Level 10.8 Necromancy
 - Level 7.0 Invocations


You had 29 spell levels left.
You didn't know any spells.

Dungeon Overview and Level Annotations

Branches:
Dungeon (15/15)            Temple (1/1) D:4            Lair (6/6) D:10
 Shoals (4/4) Lair:2        Snake (4/4) Lair:2        Slime (0/5) Lair:5
    Orc (2/2) D:9             Elf (3/3) Orc:2        Vaults (5/5) D:14
  Crypt (0/3) Vaults:3     Depths (5/5) D:15            Zot (0/5) Depths:5

Altars:
Ashenzari
Cheibriados
Dithmenos
Elyvilon
Fedhas
Gozag
Hepliaklqana
Kikubaaqudgha
Makhleb
Nemelex Xobeh
Okawaru
Qazlal
Ru
Sif Muna
Trog
Uskayaw
Vehumet
Wu Jian
Xom
Yredelemnul
Zin
The Shining One
Beogh
Jiyva

Shops:
D:13 [   D:14 =   D:15 %   Orc:2 **:([   Elf:1 *[?   Elf:2 :   Elf:3 *
Shoals:3 *   Snake:2 }}=   Depths:1 *   Depths:2 [:   Depths:3 (

Portals:
Hell: Depths:1 Depths:2 Depths:3 Depths:4 Depths:5
Abyss: Depths:1 Depths:3 Depths:4 Depths:5
Pandemonium: Depths:3
Ziggurat: Depths:3

Annotations:
Lair:6 1 runed door, exclusion: 4 oklob plants
Shoals:3 exclusion: 2 downstairs
Elf:2 3 runed doors


Innate Abilities, Weirdness & Mutations

You are too large for most types of armour.
You have claws for hands.
Your metabolism is lightning-fast.
You like to eat raw meat.
Your natural rate of healing is unusually fast.
You are covered in fur. (AC +1)
You have very tough skin. (AC +2)
Your life essence is reduced to manifest your ancestor. (-10% HP)


Message History

The deep elf annihilator seems less brilliant.
The sphinx seems less brilliant.
The yaktaur captain seems to regain its courage.
The vault sentinel seems less brilliant.
The titan is empowered by the deep elf high priest's aura!
The ironheart preserver is empowered by the deep elf high priest's aura!
The deep elf annihilator is empowered by the deep elf high priest's aura!
The sphinx is empowered by the deep elf high priest's aura!
The vault sentinel is empowered by the deep elf high priest's aura!
The deep elf high priest hits Leffe but does no damage.
Leffe hits the deep elf high priest with an antimagic quick blade.
The stone giant barely misses something.
The flayed ghost hits you!
* * * LOW HITPOINT WARNING * * *
The golden dragon breathes cold at you. The bolt of cold hits you!
The deep elf annihilator casts a spell.
The deep elf annihilator blinks!
The stone giant throws a large rock.
The large rock hits you!!
You die...

#....# #. .
#.e..# eE #.
#....###C
C#.#§...#.p#
#.......ep.#
##.....pRC#####
.....WWC[Y.....
....<.(@D(.....
...§.<<))...pc.
.....p.)H......
##........#####
.p.........
.Oe#....#...
...#....#Dc##
C# #L...#.p#


You could see the friendly Leffe the hexer, an ironheart preserver (fleeing), a
titan, a golden dragon, a quicksilver dragon, a sphinx, 4 stone giants, a vault
warden (confused), a lich, a yaktaur captain, 3 vault guards, an elephant shaped
shifter (confused), a deep elf annihilator (fleeing), a flayed ghost, a
two-headed ogre, 2 vault sentinels, a deep elf high priest, a yaktaur
(confused), 2 deep elf magi, a fire elemental and a wraith.

Vanquished Creatures
  A juggernaut (Depths:5)
  Bai Suzhen (Depths:1)
  Vashnia (Snake:3)
  Margery (Depths:4)
  4 caustic shrikes (Depths:5)
  Jory (Vaults:4)
  Jorgrun (Elf:3)
  Rupert (D:15)
  3 tentacled monstrosities
  A lich (Vaults:2)
  Asterion (Vaults:2)
  3 deep elf blademasters (Elf:3)
  3 titans
  A quicksilver dragon (Depths:4)
  2 deep elf master archers (Elf:3)
  2 tentacled starspawn
  2 sphinxes
  4 tengu reavers
  Frances (Shoals:1)
  Kirke (Snake:1)
  Ilsuiw (Shoals:4)
  A draconian monk (Depths:5)
  2 shadow dragons
  2 storm dragons
  8 nagarajas
  Donald (Vaults:2)
  6 fire giants
  9 deep elf sorcerers
  2 iron dragons
  10 frost giants
  9 vault wardens
  Aizul (Shoals:1)
  An orc warlord (Bailey)
  5 deep elf elementalists
  A juggernaut zombie (D:15)
  A draconian scorcher (Depths:5)
  16 stone giants
  14 ironheart preservers
  30 very ugly things
  A vampire knight (Depths:1)
  A war gargoyle (Vaults:5)
  An entropy weaver (Vaults:4)
  A green draconian (Depths:5)
  6 deep elf demonologists
  11 deep elf annihilators
  A purple draconian (Depths:5)
  7 spark wasps
  A minotaur (Lab)
  2 deep elf death magi
  A white draconian (Depths:5)
  2 merfolk javelineers (Shoals:4)
  12 ettins
  A green death (Depths:3)
  9 fire dragons
  13 yaktaur captains
  7 ice dragons
  6 deep elf high priests
  6 merfolk impalers
  22 vault guards
  Josephine (D:15)
  5 great orbs of eyes
  3 rakshasas
  5 hydras
  Harold (Lair:1)
  An alligator snapping turtle (Shoals:2)
  14 naga warriors
  A caustic shrike simulacrum (Depths:2)
  7 centaur warriors
  Erica (D:9)
  2 merfolk avatars
  10 anacondas
  7 spriggan air magi
  2 merfolk aquamancers (Shoals:4)
  12 death yaks
  5 death knights
  9 dancing weapons
  3 satyrs (Shoals:4)
  20 two-headed ogres
  10 deep troll earth magi
  7 ogre magi
  5 tengu warriors
  7 deep troll shamans
  3 hell hogs (Abyss:2)
  5 vampire magi
  7 thrashing horrors (Abyss:3)
  5 spriggan berserkers
  16 naga sharpshooters
  18 hell knights
  2 wretched stars (Abyss:3)
  A shock serpent (shapeshifter) (Vaults:4)
  6 shock serpents
  20 deep elf knights
  Sonja (D:15)
  2 iron trolls
  A salamander mystic (Snake:3)
  A shadow wraith (Abyss:2)
  7 skeletal warriors
  A fire crab (shapeshifter) (Depths:1)
  A deep troll (shapeshifter) (Vaults:4)
  An orange crystal statue (Depths:4)
  4 naga ritualists
  An unseen horror (D:15)
  A swamp dragon (Lair:6)
  A death drake (shapeshifter) (Depths:3)
  15 sea snakes
  4 flayed ghosts
  3 glowing orange brains
  17 deep trolls
  9 wizards
  5 large abominations
  An obsidian statue (D:13)
  10 deep elf archers
  13 ironbrand convokers
  A lindwurm (Lair:6)
  7 phantasmal warriors
  8 necromancers
  9 harpies
  A fire giant zombie (Depths:1)
  9 orc knights
  6 mana vipers
  A salamander (shapeshifter) (Depths:2)
  3 orc sorcerers
  6 wolf spiders
  7 manticores
  13 fauns
  51 ugly things
  49 deep elf magi
  5 salamanders
  A moth of wrath (shapeshifter) (Vaults:3)
  14 cyclopes
  Maurice (D:9)
  9 elephants
  7 merfolk sirens
  4 centaur zombies
  9 water nymphs
  2 frost giant skeletons
  2 rust devils
  10 vault sentinels
  An ice statue (IceCv)
  A manticore (shapeshifter) (Elf:2)
  9 naga magi
  8 guardian serpents
  28 black mambas
  11 spiny frogs
  2 smoke demons
  2 gargoyles
  6 torpor snails
  11 freezing wraiths
  6 rime drakes
  11 komodo dragons
  An elf zombie (D:15)
  An ancient zyme (Abyss:3)
  40 yaktaurs
  A guardian mummy (D:15)
  12 trolls
  A troll (shapeshifter) (Vaults:2)
  A red devil (Depths:3)
  4 tengu conjurers
  15 polar bears
  A jumping spider (shapeshifter) (Vaults:1)
  3 meliai (D:15)
  22 merfolk
  3 tyrant leeches (Lair:6)
  15 blink frogs
  A merfolk (shapeshifter) (Depths:3)
  3 wind drakes
  9 dream sheep
  17 hornets
  2 blink frogs (shapeshifter)
  An ice dragon zombie (Depths:1)
  11 slime creatures
  Grinder (D:4)
  A hornet (shapeshifter) (Vaults:4)
  10 hippogriffs
  A stone giant simulacrum (Depths:2)
  A spriggan zombie (Depths:1)
  2 raiju (Abyss:3)
  10 snapping turtles
  A hippogriff (shapeshifter) (Vaults:1)
  3 shadows
  An ettin skeleton (Depths:1)
  5 spriggans
  A deep troll skeleton (D:15)
  A tarantella (Vaults:4)
  A redback (Vaults:4)
  9 water elementals
  6 wraiths
  5 air elementals
  A ynoxinul (Abyss:3)
  4 fire elementals
  58 yaks
  4 wyverns
  A hog (Snake:1)
  2 steam dragons
  3 basilisks (Lair:6)
  3 chaos spawn
  5 hungry ghosts
  Menkaure (D:7)
  A soldier ant (D:12)
  2 insubstantial wisps (D:12)
  3 acid dragons
  39 nagas
  5 wargs
  19 water moccasins
  6 porcupines
  21 orc warriors
  A human skeleton (Depths:1)
  3 swamp drakes (Lair:6)
  A black bear (shapeshifter) (D:15)
  9 sky beasts
  4 phantoms
  An eye of draining (D:12)
  12 ice beasts
  4 necrophages
  The ghost of dricus the Skirmisher, an amateur FoAK of Lugonu (D:3)
  A spriggan simulacrum (Depths:2)
  20 wolves
  4 boggarts
  26 ogres
  An ogre (shapeshifter) (Depths:2)
  28 centaurs
  11 crocodiles
  2 big kobolds
  18 bullfrogs
  Blork the orc (D:4)
  A gnoll sergeant (D:10)
  An earth elemental (Elf:2)
  6 scorpions
  A water moccasin skeleton (D:8)
  4 troll zombies (D:9)
  A wyvern skeleton (D:10)
  14 wights
  7 howler monkeys
  An electric eel (Lair:3)
  5 crimson imps
  3 bullfrog zombies
  11 starcursed masses (Abyss:3)
  3 lava snakes (Snake:4)
  5 hounds
  5 centaur skeletons
  8 jellies
  12 orc wizards
  9 orc priests
  4 iguanas
  A hexer (D:9)
  Ijyb (D:5)
  12 worker ants
  A killer bee zombie (D:10)
  2 ogre zombies (D:9)
  A hound skeleton (D:8)
  21 adders
  11 gnolls
  5 shadow imps
  2 white imps
  25 oozes
  2 worms
  A dart slug (D:3)
  3 leopard geckos
  72 orcs
  6 ball pythons
  4 giant cockroaches
  29 goblins
  23 hobgoblins
  18 kobolds
  4 quokkas
  3 bats
  4 frilled lizards (D:1)
  A goblin zombie (D:9)
  A hobgoblin skeleton (D:9)
  A leopard gecko skeleton (D:8)
  2 orc skeletons (D:9)
  14 orc zombies (D:9)
  A quokka zombie (D:6)
  5 rats
  A fungus (Lair:3)
  7 plants
  2 starspawn tentacles (Abyss:3)
1853 creatures vanquished.

Vanquished Creatures (collateral kills)
  A tentacled starspawn (Abyss:3)
  A fire giant (Vaults:3)
  2 spark wasps (Depths:4)
  A white draconian (IceCv)
  A purple draconian (Depths:5)
  A merfolk javelineer (Shoals:4)
  A deep elf death mage (Elf:3)
  A great orb of eyes (Depths:2)
  2 naga warriors
  An ice dragon (Depths:4)
  A merfolk avatar (Shoals:4)
  3 hydras
  A satyr (Shoals:4)
  An anaconda (Snake:1)
  2 ogre magi
  3 two-headed ogres
  A vampire mage (Depths:2)
  A death yak (Lair:5)
  A deep troll earth mage (Vaults:2)
  A hell knight (Depths:1)
  2 naga sharpshooters
  A shock serpent (Snake:3)
  2 wretched stars (Abyss:3)
  A sixfirhy (Abyss:3)
  2 deep trolls
  A naga ritualist (Snake:1)
  4 deep elf archers
  An orc knight (Orc:2)
  A harpy (Shoals:4)
  A mana viper (Snake:1)
  4 ugly things
  A faun (Shoals:4)
  2 deep elf magi
  2 salamanders (Snake:3)
  2 slime creatures
  2 guardian serpents
  2 naga magi
  A vault sentinel (Vaults:1)
  2 black mambas (Snake:1)
  2 freezing wraiths
  A komodo dragon (Lair:1)
  3 yaktaurs
  2 merfolk (Shoals:4)
  A tengu conjurer (Vaults:2)
  A polar bear (IceCv)
  A tyrant leech (Lair:6)
  3 raiju (Abyss:3)
  2 blink frogs
  A wind drake (Shoals:2)
  2 dream sheep (Lair:6)
  A redback (shapeshifter) (Depths:3)
  4 yaks
  A golden eye (shapeshifter) (Elf:1)
  A basilisk (Lair:4)
  6 nagas
  4 water moccasins
  A porcupine (Lair:2)
  A floating eye (Depths:5)
  An ice beast (Lair:2)
  2 orc warriors (Bailey)
  2 sky beasts
  A phantom (D:5)
  2 large abominations (Abyss:3)
  A starcursed mass (Abyss:3)
  3 wolves
  An ogre (Orc:2)
  2 boggarts (Depths:3)
  A centaur (Depths:3)
  A big kobold (D:9)
  A bullfrog (D:8)
  An earth elemental (Elf:3)
  A wight (D:6)
  2 crimson imps
  A bullfrog skeleton (D:8)
  A jelly (D:13)
  A gnoll (Bailey)
  2 adders
  7 orcs
  A goblin (Bailey)
  2 quokkas
  2 kobolds
  An orc zombie (D:11)
  2 plants (Shoals:4)
141 creatures vanquished.

Vanquished Creatures (others)
  A golden dragon (Vaults:5)
  A war gargoyle (Vaults:5)
  A vault guard (Vaults:5)
  A hell hog (Abyss:2)
  A spriggan berserker (Depths:2)
  2 deep elf knights (Elf:2)
  An ugly thing (Depths:2)
  A yaktaur (Vaults:5)
  5 humans (Snake:1)
  54 hexers
  18 fungi
  69 plants
  8 starspawn tentacles (Abyss:3)
163 creatures vanquished.

Grand Total: 2157 creatures vanquished

Notes
Turn   | Place    | Note
-------+----------+-------------------------------------------
     0 | D:1      | Kriby the Troll Monk began the quest for the Orb.
     0 | D:1      | Reached XP level 1. HP: 22/22 MP: 0/0
   231 | D:1      | Reached XP level 2. HP: 29/29 MP: 1/1
   544 | D:1      | Reached XP level 3. HP: 36/36 MP: 2/2
   774 | D:2      | Found a hide-covered altar of Uskayaw.
   788 | D:2      | Reached skill level 4 in Unarmed Combat
  1484 | D:3      | Reached XP level 4. HP: 35/45 MP: 3/3
  1736 | D:3      | Found a basalt altar of Yredelemnul.
  1826 | D:3      | Noticed dricus's ghost (amateur FoAK)
  1849 | D:3      | Killed dricus's ghost
  1849 | D:3      | Reached skill level 5 in Unarmed Combat
  1849 | D:3      | Reached XP level 5. HP: 53/53 MP: 4/4
  2114 | D:4      | Noticed Grinder
  2116 | D:4      | Paralysed by Grinder for 4 turns
  2127 | D:4      | Paralysed by Grinder for 4 turns
  2135 | D:4      | Killed Grinder
  2135 | D:4      | Reached skill level 6 in Unarmed Combat
  2135 | D:4      | Reached XP level 6. HP: 15/62 MP: 5/5
  2250 | D:4      | Noticed Blork the orc
  2296 | D:4      | Killed Blork the orc
  2317 | D:4      | Found a staircase to the Ecumenical Temple.
  2372 | Temple   | Entered the Ecumenical Temple
  2535 | Temple   | Became a worshipper of Hepliaklqana the Forgotten
  2535 | Temple   | Reached * piety under Hepliaklqana
  2535 | Temple   | Reached ** piety under Hepliaklqana
  2544 | D:4      | Remembered your ancestor Leffe as a hexer
  2700 | D:4      | Found an ornate altar of the Wu Jian Council.
  2796 | D:5      | Entered Level 5 of the Dungeon
  2961 | D:5      | Reached XP level 7. HP: 59/63 MP: 6/6
  3166 | D:5      | Reached skill level 7 in Unarmed Combat
  3757 | D:5      | Noticed Ijyb
  3760 | D:5      | Killed Ijyb
  3986 | D:6      | Reached skill level 8 in Unarmed Combat
  4030 | D:6      | Reached *** piety under Hepliaklqana
  4088 | D:6      | Found a sacrificial altar of Ru.
  4106 | D:6      | Reached skill level 5 in Fighting
  4122 | D:6      | Reached XP level 8. HP: 71/71 MP: 7/7
  4211 | D:6      | Reached skill level 9 in Unarmed Combat
  4655 | D:6      | Found a glowing golden altar of the Shining One.
  5073 | D:7      | Found a shattered altar of Ashenzari.
  5195 | D:7      | Noticed Menkaure
  5199 | D:7      | Killed Menkaure
  5367 | D:7      | Reached skill level 10 in Unarmed Combat
  5367 | D:7      | Reached XP level 9. HP: 79/79 MP: 8/8
  5713 | D:8      | Found the +2 hat of the Bear Spirit {Spirit, +Rage rN+ MR++}
  5777 | D:8      | Reached skill level 11 in Unarmed Combat
  6212 | D:9      | Noticed a troll
  6218 | D:9      | Killed a troll
  6334 | D:9      | Reached XP level 10. HP: 90/90 MP: 9/9
  6353 | D:9      | Reached skill level 12 in Unarmed Combat
  6467 | D:9      | Found a staircase to the Orcish Mines.
  7007 | D:9      | Noticed a two-headed ogre
  7016 | D:9      | Killed a two-headed ogre
  7114 | D:9      | Noticed Maurice
  7132 | D:9      | Killed Maurice
  7424 | D:9      | Noticed Erica
  7431 | D:9      | Killed Erica
  7431 | D:9      | Reached skill level 13 in Unarmed Combat
  7559 | D:10     | Entered Level 10 of the Dungeon
  7559 | D:10     | Noticed a skeletal warrior
  7559 | D:10     | Noticed a skeletal warrior
  7559 | D:10     | Noticed a skeletal warrior
  7563 | D:10     | Killed a skeletal warrior
  7701 | D:10     | Reached **** piety under Hepliaklqana
  7817 | D:10     | Reached XP level 11. HP: 100/100 MP: 10/10
  7819 | D:10     | Found a staircase to the Lair.
  8263 | D:10     | Reached skill level 14 in Unarmed Combat
  8478 | D:10     | Identified the +7 dagger "Vomudan" {vamp, +Rage rC++} (You found it on level 10 of the Dungeon)
  8834 | Lair:1   | Entered Level 1 of the Lair of Beasts
  8844 | Lair:1   | Reached skill level 1 in Invocations
  9265 | Lair:1   | Noticed Harold
  9285 | Lair:1   | Killed Harold
  9881 | Lair:2   | Reached skill level 15 in Unarmed Combat
 10207 | Lair:2   | Found a frozen archway.
 10212 | Lair:2   | Reached XP level 12. HP: 112/112 MP: 13/13
 10253 | IceCv    | Entered an ice cave
 10314 | IceCv    | Reached skill level 10 in Fighting
 11212 | IceCv    | Reached skill level 16 in Unarmed Combat
 11267 | IceCv    | Noticed a white draconian
 11289 | IceCv    | Killed a white draconian
 11442 | IceCv    | Got a crystal battleaxe
 11443 | IceCv    | Identified the +1 battleaxe of Peril {flame, rElec rN+ MR-} (You found it in an ice cave)
 11937 | Lair:2   | Found a staircase to the Shoals.
 11991 | Lair:2   | Reached skill level 1 in Shields
 12188 | Lair:2   | Found a staircase to the Snake Pit.
 12210 | Lair:2   | Reached ***** piety under Hepliaklqana
 12538 | Lair:3   | Noticed a death yak
 12548 | Lair:3   | Noticed a death yak
 12551 | Lair:3   | Noticed a death yak
 12552 | Lair:3   | Noticed a death yak
 12554 | Lair:3   | Killed a death yak
 12567 | Lair:3   | Killed a death yak
 12573 | Lair:3   | Killed a death yak
 12573 | Lair:3   | Reached XP level 13. HP: 32/121 MP: 14/14
 13649 | Lair:4   | Reached skill level 17 in Unarmed Combat
 14492 | Lair:4   | Reached skill level 5 in Invocations
 15214 | Lair:5   | Found a staircase to the Slime Pits.
 15215 | Lair:5   | Found a viscous altar of Jiyva.
 15960 | Lair:6   | Entered Level 6 of the Lair of Beasts
 15971 | Lair:6   | Reached XP level 14. HP: 104/131 MP: 17/17
 16412 | Lair:5   | Reached skill level 18 in Unarmed Combat
 16663 | Lair:6   | Reached skill level 5 in Shields
 16749 | Lair:6   | Found a runed door.
 16990 | Lair:6   | Paralysed by a hornet for 1 turns
 17794 | Lair:6   | Found the +10 large shield of Ignorance {rN+ Int-4}
 18720 | Orc:1    | Entered Level 1 of the Orcish Mines
 18808 | Orc:1    | Found a flagged portal.
 18819 | Bailey   | Entered a bailey
 19124 | Bailey   | Noticed an orc warlord
 19141 | Bailey   | Killed an orc warlord
 19215 | Bailey   | Reached skill level 19 in Unarmed Combat
 19215 | Bailey   | Reached XP level 15. HP: 140/140 MP: 18/18
 19570 | Orc:1    | Reached ****** piety under Hepliaklqana
 19968 | Orc:2    | Entered Level 2 of the Orcish Mines
 19968 | Orc:2    | Found Muykk's Book Shop.
 20106 | Orc:2    | Found Julirphos's Assorted Antiques.
 20243 | Orc:2    | Found a roughly hewn altar of Beogh.
 20296 | Orc:2    | Bought a fizzy brown potion for 25 gold pieces
 20296 | Orc:2    | Bought a scroll of identify for 56 gold pieces
 20296 | Orc:2    | Bought a fizzy red potion for 25 gold pieces
 20804 | Orc:2    | Found Nirujus's Antique Armour Shop.
 21202 | Orc:2    | Reached XP level 16. HP: 78/148 MP: 18/20
 21301 | Orc:2    | Found Zuwoku's Antique Weapon Shoppe.
 21321 | Orc:2    | Found a staircase to the Elven Halls.
 21322 | Orc:2    | Found Zimiw's General Store.
 21337 | Orc:2    | Bought a potion of cancellation for 96 gold pieces
 21337 | Orc:2    | Bought a potion of haste for 120 gold pieces
 21643 | D:10     | Identified the +5 broad axe of the Elven Halls {flame, -Tele +Inv Str+4 Dex+4} (You took it off a skeletal warrior on level 10 of the Dungeon)
 22457 | D:12     | Found a labyrinth entrance.
 22491 | Lab      | Entered a labyrinth
 23620 | Lab      | Identified Sif Muna's Incunabulum of Intoxication and Snow
 23627 | Lab      | Identified 2 scrolls of acquirement
 23628 | Lab      | Identified the +0 large shield of Cowardice {rF- rC++ rN+ Dex+2} (You acquired it in a labyrinth)
 23892 | D:12     | Reached skill level 20 in Unarmed Combat
 24621 | D:13     | Found Kicyokam's Armour Emporium.
 24623 | D:13     | Bought +0 gold dragon scales for 1280 gold pieces
 25465 | D:13     | Got a slimy mace
 25498 | D:13     | Identified the cursed +3 mace of Crystal {protect, rPois} (You found it on level 13 of the Dungeon)
 25856 | D:14     | Found a gate to the Vaults.
 26120 | D:14     | Identified the +0 hat "Iwkurear" {*Slow rN++ Dex+5} (You acquired it on level 14 of the Dungeon)
 26250 | D:14     | Found Yli Mul's Jewellery Emporium.
 26266 | D:14     | Lost intelligence.
 26509 | D:15     | Entered Level 15 of the Dungeon
 26679 | D:15     | Found Hest's Food Shop.
 26714 | D:15     | Noticed Sonja
 26724 | D:15     | Killed Sonja
 26825 | D:15     | Found a staircase to the Depths.
 27131 | D:15     | Noticed Josephine
 27136 | D:15     | Killed Josephine
 27242 | D:15     | Reached XP level 17. HP: 160/160 MP: 21/21
 27289 | D:15     | Noticed Rupert
 27305 | D:15     | Killed Rupert
 27910 | Shoals:1 | Entered Level 1 of the Shoals
 28284 | Shoals:1 | Noticed Aizul
 28292 | Shoals:1 | Killed Aizul
 28310 | Shoals:1 | Noticed Frances
 28319 | Shoals:1 | Killed Frances
 28436 | Shoals:1 | Reached skill level 10 in Shields
 29504 | Shoals:3 | Found Baun's Island Escapes.
 29937 | Shoals:3 | Bought a potion of invisibility for 96 gold pieces
 29937 | Shoals:3 | Bought a scroll of fog for 24 gold pieces
 29937 | Shoals:3 | Bought a scroll of teleportation for 36 gold pieces
 29937 | Shoals:3 | Bought a scroll of fog for 24 gold pieces
 29956 | Shoals:4 | Entered Level 4 of the Shoals
 30020 | Shoals:4 | Noticed Ilsuiw
 30033 | Shoals:4 | Killed Ilsuiw
 30308 | Shoals:4 | Reached skill level 21 in Unarmed Combat
 30499 | Shoals:4 | Identified the Catalogue of Damaging Moulding
 30912 | Shoals:4 | Got a barnacled rune of Zot
 31527 | Elf:1    | Entered Level 1 of the Elven Halls
 31543 | Elf:1    | Reached XP level 18. HP: 153/170 MP: 22/22
 31623 | Elf:1    | Found Vovveim's Magic Scroll Shop.
 31632 | Elf:1    | Bought 2 scrolls of enchant armour for 285 gold pieces
 31632 | Elf:1    | Bought a scroll of fear for 66 gold pieces
 31632 | Elf:1    | Bought a scroll of fear for 66 gold pieces
 31632 | Elf:1    | Bought a scroll of enchant armour for 142 gold pieces
 32201 | Elf:1    | Found Qafavvuc's General Store.
 32620 | Elf:1    | Found Vaenejoh's Armour Boutique.
 32896 | Elf:2    | Found Qaiteefu's Book Emporium.
 33294 | Elf:2    | Found a runed gate.
 33294 | Elf:2    | Found a runed gate.
 33304 | Elf:2    | Found a runed gate.
 33601 | Elf:3    | Entered Level 3 of the Elven Halls
 33850 | Elf:3    | Noticed Jorgrun
 33860 | Elf:3    | Killed Jorgrun
 34244 | Elf:3    | Found Qioniefi's General Store.
 34251 | Elf:3    | Bought a scroll of magic mapping for 52 gold pieces
 34251 | Elf:3    | Bought a scroll of teleportation for 45 gold pieces
 34446 | Elf:3    | Cast into level 2 of the Abyss (a deep elf demonologist)
 34694 | Elf:3    | Escaped the Abyss
 34820 | Elf:3    | Got a shimmering platinum ring
 34875 | Elf:3    | Reached XP level 19. HP: 178/180 MP: 20/23
 35069 | Elf:3    | Reached skill level 15 in Fighting
 35290 | Elf:3    | Identified the ring "Keyhouto" {+Blink rN+ Int-2 Dex+4 Stlth+} (You took it off a deep elf demonologist on level 3 of the Elven Halls)
 35291 | Elf:3    | Identified the ring "Zabb" {AC+4 SInv} (You took it off a deep elf elementalist on level 3 of the Elven Halls)
 35474 | Elf:3    | Identified the amulet "Muvosou" {Faith rElec rC+ MR+ Int+3} (You took it off a deep elf knight on level 3 of the Elven Halls)
 35671 | Elf:3    | Identified the ring of Cit Mapn {*Tele rN++ Str-3 Dex+5} (You found it on level 3 of the Elven Halls)
 35672 | Elf:3    | Identified the Papyrus of the Glacial Rocks
 35987 | Snake:1  | Entered Level 1 of the Snake Pit
 35987 | Snake:1  | Found a runed door.
 36014 | Snake:1  | Noticed Kirke
 36021 | Snake:1  | Killed Kirke
 36315 | Snake:1  | Reached skill level 22 in Unarmed Combat
 36688 | Snake:1  | Identified the +7 trident of Wavyf {venom, rC+ Str-4 Int+8} (You found it on level 1 of the Snake Pit)
 37362 | Snake:2  | Found Oxufaf's Gadget Boutique.
 37364 | Snake:2  | Found Vikahiwe's Jewellery Shoppe.
 37366 | Snake:2  | Found Hiudomar's Gadget Boutique.
 38175 | Snake:3  | Noticed Vashnia
 38214 | Snake:3  | Killed Vashnia
 38453 | Snake:3  | Reached skill level 15 in Shields
 38862 | Snake:4  | Entered Level 4 of the Snake Pit
 38994 | Snake:4  | Reached XP level 20. HP: 191/191 MP: 22/24
 39070 | Snake:4  | Reached skill level 1 in Armour
 40112 | Snake:4  | Got a serpentine rune of Zot
 40418 | Vaults:1 | Entered Level 1 of the Vaults
 41394 | Vaults:1 | Reached skill level 23 in Unarmed Combat
 41472 | Vaults:1 | Reached skill level 5 in Armour
 42014 | Vaults:2 | Cast into level 3 of the Abyss (a deep elf sorcerer)
 42138 | Abyss:3  | Paralysed by accursed screaming for 2 turns
 42163 | Abyss:3  | Lost intelligence.
 42204 | Abyss:3  | Reached XP level 21. HP: 74/200 MP: 22/22
 42215 | Abyss:3  | Got an abyssal rune of Zot
 42336 | Vaults:2 | Escaped the Abyss
 42390 | Vaults:2 | Noticed Donald
 42398 | Vaults:2 | Killed Donald
 42487 | Vaults:2 | Noticed Asterion
 42494 | Vaults:2 | Killed Asterion
 43314 | Vaults:2 | Reached skill level 1 in Necromancy
 43393 | Vaults:2 | Found a radiant altar of Vehumet.
 43823 | Vaults:3 | Cast into level 2 of the Abyss (a deep elf sorcerer)
 43823 | Abyss:2  | Found a corrupted altar of Lugonu.
 43849 | Vaults:3 | Escaped the Abyss
 43860 | Vaults:3 | Reached skill level 1 in Spellcasting
 44336 | Vaults:3 | Found a staircase to the Crypt.
 45130 | Vaults:4 | Noticed Jory
 45147 | Vaults:4 | Reached skill level 5 in Necromancy
 45157 | Vaults:4 | Killed Jory
 45444 | Vaults:4 | Reached XP level 22. HP: 178/212 MP: 26/26
 46472 | Vaults:4 | Reached skill level 24 in Unarmed Combat
 46865 | Depths:1 | Entered Level 1 of the Depths
 46926 | Depths:1 | Noticed Bai Suzhen
 46937 | Depths:1 | Killed Bai Suzhen
 46988 | Depths:1 | Found a gateway to Hell.
 46998 | Depths:1 | Found Looqyfoi's Blood Bar.
 47387 | Depths:1 | Found a one-way gate to the infinite horrors of the Abyss.
 47602 | Depths:2 | Found Bupp's Armour Shop.
 47907 | Depths:2 | Reached skill level 10 in Armour
 48009 | Depths:2 | Found a transporter.
 48258 | Depths:2 | Found Neomirch's Book Shoppe.
 48294 | Depths:2 | Found a transporter.
 48437 | Depths:2 | Lost intelligence.
 48468 | Depths:2 | Reached XP level 23. HP: 72/222 MP: 27/27
 48702 | Depths:2 | Got a vibrating golden amulet
 48715 | Depths:2 | Got a warped crystal amulet
 48741 | Depths:2 | Identified the amulet of Itzec {Faith rF++ Stlth+} (You found it on level 2 of the Depths)
 48742 | Depths:2 | Identified the amulet "Wagexiw" {Spirit MP+9} (You found it on level 2 of the Depths)
 48881 | Depths:3 | Lost intelligence.
 49620 | Depths:3 | Found a gateway to a ziggurat.
 49762 | Depths:3 | Found Tiekkust's Antique Weapon Boutique.
 50084 | Depths:3 | Found a one-way gate leading to the halls of Pandemonium.
 50433 | Depths:4 | Found a runed door.
 50623 | Depths:4 | Reached skill level 10 in Necromancy
 51249 | Depths:4 | Found a runed door.
 52105 | Depths:5 | Entered Level 5 of the Depths
 52242 | Depths:5 | Noticed Margery
 52253 | Depths:4 | Killed Margery
 52363 | Depths:5 | Noticed a juggernaut
 52371 | Depths:5 | Killed a juggernaut
 52371 | Depths:5 | Reached skill level 25 in Unarmed Combat
 52374 | Depths:5 | Paralysed by a great orb of eyes for 5 turns
 52403 | Depths:5 | Reached XP level 24. HP: 196/234 MP: 23/27
 52422 | Depths:5 | Paralysed by a floating eye for 3 turns
 52642 | Depths:5 | Paralysed by a floating eye for 2 turns
 53047 | Depths:5 | Found a gate to the Realm of Zot.
 53805 | Vaults:5 | Entered Level 5 of the Vaults
 54000 | Vaults:5 | Paralysed by a sphinx for 7 turns
 54003 | Vaults:5 | Hit by a large rock thrown by a stone giant

Vault maps used:
D:1:      lightli_molten_gateway
D:2:      mumra_celtic_spiral_tile, eat_drink_and_be_merry_uskayaw,
          eino_curves_02
D:3:      yredelemnul_altar_generic
D:4:      lemuel_round_altar, minmay_temple_entry_mist, first_ration,
          uniq_blork_the_orc, uniq_grinder
D:5:      uniq_ijyb
D:6:      nicolae_tso_swordbearing_angel, nicolae_ru_awakened_eye
D:7:      old_standard_altar, uniq_menkaure
D:8:      kennysheep_windowed_halls
D:9:      zombieorc1_lemuel, uniq_maurice, uniq_erica
D:10:     david_lair_shrubbed, hangedman_little_slice_of_home
D:12:     lab_entry_generic, hangedman_misty_isle
D:13:     serial_shops, shop, minivault_15, kennysheep_generic_room_5
D:14:     david_vaults_4, serial_shops, kennysheep_mini_moat, hex_large
D:15:     gammafunk_depths_entry_grave, serial_shops, shop, minivault_25,
          uniq_rupert, uniq_sonja, uniq_josephine
Temple:   minmay_crystal_spiral_temple
Lair:1:   uniq_harold
Lair:2:   elwin_shoals_entry_rocks, minmay_snake_entry_six_corridors,
          portal_ice_cave_entry_ice_beasts, minivault_26
Lair:3:   lemuel_slime, serial_bayou_shore_a, grunt_megastairs_5,
          lemuel_fruit_fields
Lair:4:   beast_lair_carwin_2, lemuel_fruit_tree, grunt_megastairs_2,
          infiniplex_staircase_pool
Lair:5:   slime_altar_1
Lair:6:   guppyfry_lair_end_dragon, wormcave, lemuel_fruit_fields,
          minmay_lair_oklob_chamber, grunt_megastairs_1
Shoals:1: uniq_frances, uniq_aizul
Shoals:3: nicolae_island_escapes
Shoals:4: shoals_end_grunt_garden, shoals_ilsuiw_ice
Snake:1:  lightli_airlock, uniq_kirke
Snake:2:  minmay_shop_grove
Snake:3:  uniq_vashnia
Snake:4:  grunt_snake_rune_pools, nicolae_snake_lava_pool
Orc:1:    enter_bailey_8
Orc:2:    grunt_orc_gardens, grunt_orc_garden, grunt_orc_garden,
          grunt_orc_garden, grunt_orc_garden, serial_shops, shop, mines2_david
Elf:1:    eino_elf_arrival_customs, serial_shops, shop,
          nicolae_shop_window_shopping, nicolae_shop_trees,
          minmay_elf_crystal_hexagon, roderic_roman_lattice
Elf:2:    serial_shops, shop
Elf:3:    minmay_elf_hall_furrowed, serial_shops, shop_statue, uniq_jorgrun
Vaults:1: vaults_room_glass_cross, ontoclasm_vaults_ring_large,
          ontoclasm_vaults_decontamination, v_pattern_2, ontoclasm_vaults_twist,
          hangedman_vaults_capsules, nicolae_vaults_border_crossing,
          hangedman_vaults_variations, hangedman_vaults_impose,
          nicolae_vaults_little_squares_1, ontoclasm_vaults_fault,
          nicolae_vaults_rhombus_7, vaults_room_fours
Vaults:2: vaults_room_fours, grunt_vaults_funnel, grunt_tower_of_power,
          v_misc_12, ontoclasm_vaults_loading_screen, vaults_dpeg_hooks,
          vaults_room_door_ring, vaults_dpeg_encased_lava, uniq_donald,
          uniq_asterion
Vaults:3: minmay_crypt_entry_nasty_monster, ontoclasm_vaults_bender,
          grunt_vaults_hallway_short, vaults_mumra_lcd, v_alt_pattern_2,
          vaults_room_grid, v_rooms_1, vaults_dpeg_cross
Vaults:4: v_alt_pattern_3, v_pattern_5, nicolae_vaults_network_periphery,
          hangedman_vaults_slice, v_misc_4, nicolae_vaults_diagonal_hallway_6,
          vaults_mumra_minichess_inversion, nicolae_vaults_ninety_degrees,
          v_misc_22, st_spiral_rooms, nicolae_vaults_big_angled_halls,
          v_alt_pattern_3, ontoclasm_vaults_shuriken, vaults_room_pools,
          serial_ice_b, vaults_dpeg_ring, uniq_jory
Depths:1: hell_entry, abyss_entry, nrook_mini_backslash, minivault_22,
          minmay_misc_feat_plants, guppyfry_shop_blood, uniq_bai_suzhen
Depths:2: gammafunk_dig_for_victory, hell_entry, nrook_mini_vaults,
          serial_shops, shop_statue, shop
Depths:3: minmay_bloctagon_deflated, enter_ziggurat_a, hangedman_coc_ice_floe,
          abyss_entry, serial_shops, shop_statue, rand_demon_pan_entry_7,
          hangedman_abyss_or_decor_clamps, infiniplex_staircase_pool_2
Depths:4: thingy_vault_2, abyss_entry, corexii_corridor_pit, hell_entry
Depths:5: evilmike_zot_entry_hall, marbit_kobold_abyss_entry, hell_entry,
          serial_sigils_hangedman_gnaw, serial_sigils_hangedman_confine,
          uniq_margery
Abyss:2:  evilmike_abyss_exit_16
Bailey:   bailey_axe_minmay_hex_keep, bailey
IceCv:    ice_cave_small_giant

Skill      XL: |  1  2  3  4  5  6  7  8  9 10 11 12 13 14 15 16 17 18 19 20 21 22 23 24 |
---------------+-------------------------------------------------------------------------+-----
Unarmed Combat | 4 5 6 8 10 11 13 15 16 17 19 20 21 22 23 24 25 | 25.4
Fighting       | 3 4 5 6 7 8 9 10 11 12 13 14 15 16 17 18 19 | 19.2
Invocations    | 3 6 7 |  7.0
Shields        | 2 4 6 9 11 13 15 | 15.0
Armour         | 6 8 10 12 14 | 14.5
Necromancy     | 5 9 10 | 10.8
Spellcasting   | 2 3 |  3.0
Dodging        | |  2.4
Stealth        | |  1.0

Action                   |  1- 3 |  4- 6 |  7- 9 | 10-12 | 13-15 | 16-18 | 19-21 | 22-24 || total
-------------------------+-------+-------+-------+-------+-------+-------+-------+-------++-------
Melee: Unarmed           |    87 |    81 |   233 |   587 |   810 |  1468 |  1343 |  1123 ||  5732
       Punch             |       |     1 |     7 |    45 |       |       |       |       ||    53
Throw: Large rock        |       |       |       |       |       |    13 |     1 |     8 ||    22
Invok: Ancestor Life: He |       |     1 |       |       |       |       |       |       ||     1
       Ancestor Identity |       |     1 |       |       |       |       |       |       ||     1
       Recall Ancestor   |       |       |       |     3 |     3 |    12 |     8 |     4 ||    30
       Idealise          |       |       |       |       |     4 |     3 |    15 |     8 ||    30
       Transference      |       |       |       |       |       |       |     2 |     4 ||     6
Evoke: Wand              |       |       |       |     7 |    41 |    36 |    13 |    15 ||   112
       Sack of spiders   |       |       |       |       |     5 |       |       |       ||     5
       Lamp of fire      |       |       |       |       |       |     3 |     5 |     5 ||    13
       Lightning rod     |       |       |       |       |       |     6 |    10 |       ||    16
       Box of beasts     |       |       |       |       |       |       |       |     1 ||     1
       Phantom mirror    |       |       |       |       |       |       |       |     1 ||     1
  Use: Potion            |       |     2 |     1 |     7 |     6 |     6 |     3 |    21 ||    46
       Scroll            |       |       |     8 |    11 |     5 |    23 |     7 |    14 ||    68
 Stab: Sleeping          |     1 |     1 |     2 |     6 |     3 |       |       |       ||    13
       Distracted        |       |       |     3 |     3 |     8 |     9 |     8 |     6 ||    37
       Confused          |       |       |       |     5 |     4 |    15 |    38 |    36 ||    98
       Paralysed         |       |       |       |     3 |     3 |    30 |    32 |    22 ||    90
       Invisible         |       |       |       |       |       |       |       |     9 ||     9
  Eat: Chunk             |    18 |    12 |    37 |    59 |    80 |   124 |    87 |    77 ||   494
       Ration            |       |       |     1 |       |       |     1 |     3 |       ||     5
Armor: Robe              |    30 |    20 |    92 |   181 |    96 |       |       |       ||   419
       Skin              |       |       |     1 |       |     1 |       |       |       ||     2
       Swamp dragon scal |       |       |       |       |    45 |   285 |    90 |       ||   420
       Gold dragon scale |       |       |       |       |       |       |    44 |   313 ||   357
Dodge: Dodged            |    38 |    39 |    77 |   243 |   200 |   146 |    95 |    75 ||   913
Block: Shield            |       |       |       |    20 |   291 |    57 |       |       ||   368
       Large shield      |       |       |       |       |       |  1165 |  1163 |   931 ||  3259

Table legend:
 A = Spawn XP
 B = Non-spawn XP
 C = Spawn XP percentage of total XP
 D = Spawn monster count
 E = Non-spawn monster count
 F = Spawn count percentage of total count
 G = Total turns spent on level
                    A         B        C        D         E        F      G
               +---------+---------+-------+---------+---------+-------+---------
         Total |   18666 | 1007616 |   1.8 |      31 |    1957 |   1.6 | 54003
               +---------+---------+-------+---------+---------+-------+---------
           D:1 |       0 |      45 |   0.0 |       0 |      25 |   0.0 |   769
           D:2 |       0 |      48 |   0.0 |       0 |      12 |   0.0 |   681
           D:3 |       0 |     184 |   0.0 |       0 |      21 |   0.0 |   634
           D:4 |       0 |     447 |   0.0 |       0 |       7 |   0.0 |   541
           D:5 |       0 |     538 |   0.0 |       0 |       9 |   0.0 |  1034
           D:6 |       0 |     866 |   0.0 |       0 |      29 |   0.0 |  1032
           D:7 |       0 |     821 |   0.0 |       0 |      12 |   0.0 |   705
           D:8 |       0 |    2052 |   0.0 |       0 |      32 |   0.0 |   722
           D:9 |       0 |    4653 |   0.0 |       0 |      53 |   0.0 |  1817
          D:10 |       0 |    5303 |   0.0 |       0 |      50 |   0.0 |  1099
          D:11 |       0 |    7466 |   0.0 |       0 |      46 |   0.0 |   732
          D:12 |       0 |   13412 |   0.0 |       0 |      58 |   0.0 |  1249
          D:13 |       0 |    5825 |   0.0 |       0 |      24 |   0.0 |   713
          D:14 |       0 |    7050 |   0.0 |       0 |      22 |   0.0 |  1168
          D:15 |       0 |   30438 |   0.0 |       0 |      64 |   0.0 |  1332
        Lair:1 |       0 |    5387 |   0.0 |       0 |      23 |   0.0 |  1143
        Lair:2 |       0 |    7748 |   0.0 |       0 |      42 |   0.0 |  1094
        Lair:3 |       0 |    6080 |   0.0 |       0 |      37 |   0.0 |  1209
        Lair:4 |       0 |    7952 |   0.0 |       0 |      26 |   0.0 |   915
        Lair:5 |       0 |   15572 |   0.0 |       0 |      32 |   0.0 |  1655
        Lair:6 |       0 |   23538 |   0.0 |       0 |      86 |   0.0 |  2333
      Shoals:1 |       0 |   10882 |   0.0 |       0 |      19 |   0.0 |   805
      Shoals:2 |       0 |   15895 |   0.0 |       0 |      34 |   0.0 |   708
      Shoals:3 |       0 |    3486 |   0.0 |       0 |      10 |   0.0 |   800
      Shoals:4 |       0 |   35252 |   0.0 |       0 |      62 |   0.0 |  1156
       Snake:1 |       0 |   18640 |   0.0 |       0 |      35 |   0.0 |   779
       Snake:2 |       0 |   26067 |   0.0 |       0 |      43 |   0.0 |  1030
       Snake:3 |       0 |   16021 |   0.0 |       0 |      19 |   0.0 |  1178
       Snake:4 |       0 |   53356 |   0.0 |       0 |      97 |   0.0 |  1275
         Orc:1 |       0 |    3021 |   0.0 |       0 |      24 |   0.0 |  1504
         Orc:2 |       0 |   12436 |   0.0 |       0 |      38 |   0.0 |  1074
         Elf:1 |       0 |   20931 |   0.0 |       0 |      36 |   0.0 |  1430
         Elf:2 |       0 |   18062 |   0.0 |       0 |      29 |   0.0 |   741
         Elf:3 |       0 |   63045 |   0.0 |       0 |      55 |   0.0 |  1895
      Vaults:1 |       0 |   47136 |   0.0 |       0 |      76 |   0.0 |  1470
      Vaults:2 |       0 |   54392 |   0.0 |       0 |      68 |   0.0 |  1724
      Vaults:3 |       0 |   25561 |   0.0 |       0 |      38 |   0.0 |  1191
      Vaults:4 |       0 |   86734 |   0.0 |       0 |     111 |   0.0 |  1949
      Vaults:5 |       0 |   32345 |   0.0 |       0 |      31 |   0.0 |    86
      Depths:1 |       0 |   47510 |   0.0 |       0 |      51 |   0.0 |   841
      Depths:2 |       0 |   82007 |   0.0 |       0 |      87 |   0.0 |  1681
      Depths:3 |       0 |   20617 |   0.0 |       0 |      41 |   0.0 |   834
      Depths:4 |       0 |   72772 |   0.0 |       0 |      64 |   0.0 |  2303
      Depths:5 |       0 |   68921 |   0.0 |       0 |      49 |   0.0 |   982
       Abyss:2 |    8360 |    1248 |  87.0 |      11 |       2 |  84.6 |   274
       Abyss:3 |   10306 |   10768 |  48.9 |      20 |      22 |  47.6 |   322
           Lab |       0 |    1192 |   0.0 |       0 |       1 |   0.0 |  1191
        Bailey |       0 |    5016 |   0.0 |       0 |      69 |   0.0 |   419
         IceCv |       0 |    8878 |   0.0 |       0 |      36 |   0.0 |  1613
               +---------+---------+-------+---------+---------+-------+---------
